 Dungeon Crawl Stone Soup version 0.18.1-50-g88ac8fd (webtiles) character file.

380 HuggableSnail the Ducker (level 6, -1/61 HPs)
             Began as a Troll Fighter on Oct 16, 2016.
             Slain by a gnoll
             ... wielding a +1 spear of flaming
              (3 damage)
             ... on level 3 of the Dungeon on Oct 19, 2016.
             The game lasted 00:28:02 (2714 turns).

HuggableSnail the Ducker (Troll Fighter)            Turns: 2714, Time: 00:28:04

Health: -1/61      AC:  7    Str: 25    XL:     6   Next: 46%
Magic:  5/5        EV:  9    Int:  4    God:
Gold:   132        SH:  9    Dex: 11    Spells: 0 memorised, 5 levels left

rFire  x . .     SeeInvis .     a - +0 war axe
rCold  + . .     Gourm    +     U - +1 robe {Archmagi}
rNeg   . . .     Faith    .     c - +0 shield
rPois  .         Spirit   .     (helmet restricted)
rElec  .         Dismiss  .     j - +0 cloak
rCorr  .         Reflect  .     (gloves unavailable)
SustAt .         Harm     +     (boots unavailable)
MR     .....                    O - amulet of harm
Stlth  +.........               (no ring)
                                k - ring of ice

@: not resistant to hostile enchantments, very unstealthy
A: unfitting armour, claws 3, fast metabolism 3, gourmand, regeneration 2,
shaggy fur 1, tough skin 2
a: no special abilities


You were on level 3 of the Dungeon.
You were full.

You visited 1 branch of the dungeon, and saw 3 of its levels.

You collected 132 gold pieces.

Inventory:

Hand Weapons
 a - a +0 war axe (weapon)
 I - a +0 scythe
Missiles
 p - 77 sling bullets
 r - 67 stones (quivered)
 t - 21 arrows
 Q - 7 tomahawks
Armour
 c - a +0 shield (worn)
 j - a +0 cloak (worn)
 J - a +0 robe
 U - a +1 robe of the Archmagi (worn)
Jewellery
 k - a ring of ice (left claw)
 O - an amulet of harm (around neck)
Wands
 T - a wand of flame (37/48)
Scrolls
 h - a scroll of fear {unknown}
 v - 2 scrolls of remove curse {unknown}
 x - 2 scrolls of teleportation {unknown}
 z - a scroll of fog {unknown}
 B - 2 scrolls of random uselessness {unknown}
 M - 2 scrolls of identify {unknown}
 S - a scroll of enchant weapon {unknown}
Potions
 d - a potion of might
 e - a potion of brilliance {unknown}
 g - 2 potions of degeneration {unknown}
 i - a potion of invisibility
 u - a potion of haste {unknown}
 K - a potion of curing {unknown}
 R - a potion of ambrosia {unknown}
Comestibles
 f - 3 bread rations
 L - a beef jerky


   Skills:
 + Level 3.1 Fighting
 + Level 2.8 Axes
 + Level 4.3 Dodging
 + Level 0.2 Stealth
 + Level 3.6 Shields


You had 5 spell levels left.
You didn't know any spells.

Dungeon Overview and Level Annotations

Branches:
Dungeon (3/15)

Altars:


Innate Abilities, Weirdness & Mutations

You are too large for most types of armour.
You have claws for hands.
Your metabolism is lightning-fast.
You like to eat raw meat.
You heal very quickly.
You are covered in fur (AC +1).
You have very tough skin (AC +2).


Message History

You block the gnoll's attack. The gnoll barely misses you.
You hit the gnoll.
The gnoll is almost dead.
The gnoll hits you. The gnoll completely misses you.
The gnoll closely misses you. The gnoll barely misses you.
You hit the gnoll.
You kill the gnoll!
You block the gnoll's attack. The gnoll hits you but does no damage.
The gnoll hits you from afar with a halberd!
* * * LOW HITPOINT WARNING * * *
The gnoll hits you from afar with a halberd.
There are monsters nearby!
The gnoll closely misses you. x2
You barely miss the gnoll. You block the gnoll's attack.
The gnoll hits you with a halberd!
* * * LOW HITPOINT WARNING * * *
The gnoll hits you from afar with a spear of flaming.
* * * LOW HITPOINT WARNING * * *
The gnoll burns you.
You die...

.. # #.......# . ..#.
#.......#
.....##.......#
#.......)...#
#.###.......#
#.......# ###
####g#### ... #g## #
#.@# ####.## ##.###
....... # #...#
####### .## ###.# ##
###..# #.# .## ##...#
#.# ..#####..# #)#
........#### #.##
...........#######..##


You could see 2 gnolls.

Vanquished Creatures
  Sigmund (D:2)
  An orc wizard (D:3)
  Jessica (D:3)
  A gnoll (D:3)
  4 adders
  An ooze (D:3)
  3 worms
  3 dart slugs
  2 giant geckos
  5 orcs
  3 giant cockroaches
  7 goblins
  7 hobgoblins
  13 jackals
  9 kobolds
  A quokka (D:2)
  10 bats
  5 giant newts
  9 rats
86 creatures vanquished.

Notes
Turn   | Place    | Note
--------------------------------------------------------------
     0 | D:1      | HuggableSnail the Troll Fighter began the quest for the Orb.
     0 | D:1      | Reached XP level 1. HP: 22/22 MP: 0/0
   197 | D:1      | Reached XP level 2. HP: 29/29 MP: 1/1
   779 | D:1      | Reached XP level 3. HP: 32/36 MP: 2/2
   915 | D:2      | Reached skill level 3 in Dodging
  1367 | D:2      | Noticed Sigmund
  1437 | D:2      | Reached XP level 4. HP: 23/44 MP: 3/3
  1540 | D:2      | Killed Sigmund
  1540 | D:2      | Reached XP level 5. HP: 16/53 MP: 4/4
  2059 | D:2      | Reached XP level 6. HP: 59/61 MP: 5/5
  2256 | D:3      | Reached skill level 4 in Dodging
  2281 | D:3      | Noticed Jessica
  2294 | D:3      | Killed Jessica
  2714 | D:3      | HP: 2/61 [gnoll/spear of flaming (6)]
  2714 | D:3      | Slain by a gnoll

Skill      XL: |  1  2  3  4  5  6 |
---------------+-------------------+-----
Axes           | 2 |  2.8
Dodging        | 3 4 |  4.3
Fighting       | 3 |  3.1
Shields        | 3 |  3.6
Stealth        | |  0.2

Action                   |  1- 3 |  4- 6 || total
-------------------------+-------+-------++-------
Melee: War axe           |   147 |   177 ||   324
 Stab: Sleeping          |     1 |       ||     1
  Eat: Bread ration      |     1 |       ||     1
       Chunk             |     2 |    17 ||    19
       Meat ration       |     1 |       ||     1
Armor: Robe              |    97 |    61 ||   158
Dodge: Dodged            |    77 |    89 ||   166
Block: Shield            |   110 |   103 ||   213
